 Dungeon Crawl Stone Soup version 0.17-a0-1504-gb7d9117 (webtiles) character file.

142 Espgualade the Skirmisher (level 5, -1/34 HPs)
             Began as a Tengu Ice Elementalist on July 7, 2015.
             Slain by an orc wizard
             ... wielding a +0 dagger
              (4 damage)
             ... on level 3 of the Dungeon.
             The game lasted 00:07:34 (3053 turns).

Espgualade the Skirmisher (Tengu Ice Elementalist)  Turns: 3053, Time: 00:07:34

Health: -1/34      AC:  2    Str:  8    XL:     5   Next: 25%
Magic:  9/9        EV: 15    Int: 16    God:
Gold:   108        SH:  0    Dex: 15    Spells: 3 memorised, 2 levels left

rFire  . . .     SeeInvis .     d - +0 short sword
rCold  . . .     Clarity  .     a - +0 robe
rNeg   . . .     SustAt   .     (no shield)
rPois  .         Gourm    .     (helmet restricted)
rElec  .         Spirit   .     (no cloak)
rCorr  .         Warding  .     (no gloves)
rMut   .         Stasis   .     (boots unavailable)
MR     .....                    (no amulet)
Stlth  ..........               g - ring of loudness (curse)
                                e - +3 ring of evasion

@: confused, not resistant to hostile enchantments, extremely unstealthy
A: beak, claws 1, talons 3, able to fly 1
a: Fly


You were on level 3 of the Dungeon.
You were not hungry.

You visited 1 branch of the dungeon, and saw 3 of its levels.

You collected 108 gold pieces.

Inventory:

Hand weapons
 d - a +0 short sword (weapon)
 o - a +0 blowgun
Missiles
 n - 7 curare-tipped needles (quivered)
Armour
 a - a +0 robe (worn)
Jewellery
 e - a +3 ring of evasion (left claw)
 g - a cursed ring of loudness (right claw)
Scrolls
 h - a scroll of remove curse {unknown}
 l - a scroll of magic mapping {unknown}
 m - 3 scrolls of identify {unknown}
 q - a scroll of enchant armour {unknown}
 s - a scroll of fog
 t - a scroll of recharging {unknown}
Books
 b - a book of Frost

   Spells                             Type                      Level
   a - Freeze                         Ice                          1
   b - Throw Frost                    Conjuration/Ice              2
   c - Ozocubu's Armour               Charms/Ice                   3
   d - Throw Icicle                   Conjuration/Ice              4
   e - Summon Ice Beast               Ice/Summoning                4
   f - Condensation Shield            Ice                          4
Comestibles
 c - 3 bread rations
 f - 3 fruits
 j - 3 meat rations
 k - 2 slices of pizza


   Skills:
 + Level 4.7 Fighting
 - Level 2.1 Dodging
 - Level 2.0 Stealth
 - Level 2.0 Spellcasting
 - Level 1.3 Conjurations
 - Level 2.6 Ice Magic


You had 2 spell levels left.
You knew the following spells:

 Your Spells              Type           Power        Failure   Level  Hunger
a - Freeze                Ice            ##..         10%         1    #......
b - Throw Frost           Conj/Ice       #.....       14%         2    ###....
c - Ozocubu's Armour      Chrm/Ice       #.......     38%         3    ###....


Dungeon Overview and Level Annotations

Branches:
Dungeon (3/15)

Altars:


Innate Abilities, Weirdness & Mutations

You have a beak for a mouth.
You have claws for feet.
You can fly.
You have sharp fingernails.


Message History

The magic dart hits you!
* * * LOW HITPOINT WARNING * * *
You're too confused to cast spells.
You're too confused!
You miss something. Your kick misses something. Your peck misses something.
You hear some strange, mumbled words.
You are more confused.
You completely miss something.
You hear some strange, mumbled words.
Something tries to affect you, but you resist.
You bump into the rock wall.
Something barely misses you.
You aren't carrying any items that can be evoked.
You hit something but do no damage. Your peck misses something.
Something hits you.
* * * LOW HITPOINT WARNING * * *
You bump into the rock wall.
Something hits you.
* * * LOW HITPOINT WARNING * * *
Something barely misses you.
You closely miss something. Something hits you.
You die...

#.......########
#######.###.......#
#
#.......###.#.###.#
#
#.####..##..)..##.#
#
#.####..##†.#..##.##
#.##...............#
#.##.#<####........#
#.##.#.#
########.###
#..){@.# ###.....
####.###
######....... #.#
#............ ...
#.[....#..... ##..#
#......#..... #..#
#.....##..... ...#
#............ ##.#
###########.. ###


There were no monsters in sight!

Vanquished Creatures
  4 adders
  3 gnolls (D:2)
  An ooze (D:1)
  2 worms (D:2)
  A giant gecko (D:3)
  4 orcs (D:3)
  3 giant cockroaches
  8 goblins
  5 hobgoblins
  8 jackals (D:1)
  13 kobolds
  A quokka (D:2)
  A ball python (D:1)
  4 bats
  5 giant newts (D:1)
  6 rats
69 creatures vanquished.

Vanquished Creatures (others)
  A plant (D:3)
1 creature vanquished.

Grand Total: 70 creatures vanquished

Notes
Turn   | Place    | Note
--------------------------------------------------------------
     0 | D:1      | Espgualade the Tengu Ice Elementalist began the quest for the Orb.
     0 | D:1      | Reached XP level 1. HP: 10/10 MP: 4/4
    24 | D:1      | Reached skill level 1 in Fighting
   160 | D:1      | Reached XP level 2. HP: 16/16 MP: 3/6
   678 | D:1      | Reached XP level 3. HP: 8/22 MP: 4/7
  1273 | D:1      | Learned a level 2 spell: Throw Frost
  1277 | D:1      | Learned a level 3 spell: Ozocubu's Armour
  1286 | D:2      | Reached skill level 3 in Fighting
  1626 | D:2      | Reached XP level 4. HP: 28/28 MP: 6/8
  1695 | D:2      | Reached skill level 4 in Fighting
  2615 | D:3      | Gained mutation: You can fly. [Tengu growth]
  2615 | D:3      | Reached XP level 5. HP: 28/34 MP: 9/9
  3045 | D:3      | Gained mutation: You have sharp fingernails. [potion of beneficial mutation]
  3053 | D:3      | Slain by an orc wizard

Vault maps used:
D:1:      dpeg_arrival_renting
D:3:      first_bread, lexackson_kobold_supper

Action                   |  1- 3 |  4- 6 || total
-------------------------+-------+-------++-------
Melee: Short sword       |    43 |    84 ||   127
 Cast: Freeze            |    40 |    37 ||    77
       Ozocubu's Armour  |     1 |       ||     1
       Throw Frost       |       |     1 ||     1
  Use: Scroll            |     2 |       ||     2
       Potion            |       |     5 ||     5
 Stab: Sleeping          |     1 |       ||     1
  Eat: Chunk             |     3 |     2 ||     5
       Bread ration      |       |     1 ||     1
       Fruit             |       |     1 ||     1
